 Dungeon Crawl Stone Soup version 0.26.0-15-gc6cd9f700b (webtiles) character file.

Game seed: 2199042046507957698

35 EnegeticOcto the Stinger (level 3, -10/25 HPs)
             Began as a Gnoll Venom Mage on Jan 16, 2021.
             Mangled by an ogre
             ... wielding a +0 giant spiked club
              (25 damage)
             ... on level 4 of the Dungeon.
             The game lasted 00:02:17 (292 turns).

EnegeticOcto the Stinger (Gnoll Venom Mage)          Turns: 292, Time: 00:02:17

Health: -10/25     AC:  2    Str: 10    XL:     3   Next: 33%
Magic:  2/9        EV: 14    Int: 18    God:
Gold:   39         SH:  0    Dex: 15    Spells: 9/12 levels left

rFire    . . .     SeeInvis .   (no weapon)
rCold    . . .     Faith    .   (no shield)
rNeg     . . .     Spirit   .   a - +0 robe
rPois    .         Reflect  .   (no helmet)
rElec    .         Harm     .   (no cloak)
rCorr    .         Rampage  .   (no gloves)
Will     .....                  (no boots)
Stlth    +++.......             (no amulet)
HPRegen  0.08/turn              (no ring)
MPRegen  0.11/turn              (no ring)

@: very slightly contaminated
A: distributed training, fangs 1, strong nose
a: no special abilities


You were on level 4 of the Dungeon.
You visited 1 branch of the dungeon, and saw 4 of its levels.

You collected 39 gold pieces.

Inventory:

Armour
 a - a +0 robe (worn)
 f - a +2 kite shield of protection
   (You found it on level 2 of the Dungeon)
Scrolls
 c - a scroll of identify {unknown}
 e - a scroll of amnesia {unknown}
Potions
 b - a potion of brilliance {unknown}
 d - a potion of might {unknown}
 g - a potion of curing {unknown}
 h - a potion of mutation {unknown}


   Skills:
 + Level 0.7 Fighting
 + Level 0.7 Short Blades
 + Level 0.7 Long Blades
 + Level 0.7 Axes
 + Level 0.7 Maces & Flails
 + Level 0.7 Polearms
 + Level 0.7 Staves
 + Level 0.7 Slings
 + Level 0.7 Bows
 + Level 0.7 Crossbows
 + Level 0.7 Throwing
 + Level 0.7 Armour
 + Level 4.5 Dodging
 + Level 4.1 Stealth
 + Level 0.7 Shields
 + Level 0.7 Unarmed Combat
 + Level 5.0 Spellcasting
 + Level 0.5 Conjurations
 + Level 0.5 Hexes
 + Level 0.5 Summonings
 + Level 0.5 Necromancy
 + Level 0.5 Translocations
 + Level 2.1 Transmutations
 + Level 0.5 Fire Magic
 + Level 0.5 Ice Magic
 + Level 0.5 Air Magic
 + Level 0.5 Earth Magic
 + Level 5.4 Poison Magic
 + Level 0.9 Invocations
 + Level 0.7 Evocations


You had 9 spell levels left.
You knew the following spells:

 Your Spells              Type           Power        Failure   Level
a - Sting                 Tmut/Pois      72%          2%          1
b - Poisonous Vapours     Pois/Air       30%          6%          2

Your spell library contained the following spells:

 Spells                   Type           Power        Failure   Level
 Ignite Poison            Fire/Tmut/Pois 14%          13%         3
 Olgreb's Toxic Radiance  Pois           24%          14%         4
 Mephitic Cloud           Conj/Pois/Air  12%          17%         3


Dungeon Overview and Level Annotations

Branches:
Dungeon (4/15)
 Temple: D:4-7

Altars:


Innate Abilities, Weirdness & Mutations

Your experience applies equally to all skills.
You have very sharp teeth.
Your uncanny sense of smell can sniff out nearby items.


Message History

The bat barely misses you. The bat closely misses you.
The bat barely misses you.
Casting: Poisonous Vapours (safe; 7% risk of failure)
Confirm with . or Enter, or press ? or * to list all spells.
Aiming: Poisonous Vapours (safe; 7% risk of failure)
Press: ? - help, Dir - move target, f/p - adder
Aim: an adder (almost dead) Poisonous vapours surround the adder!
The bat barely misses you.
The adder is engulfed in poison gas.
The adder is poisoned.
You kill the adder!
Your Spellcasting skill increases to level 5!
You have reached level 3!
Your experience leads to an increase in your attributes!
Increase (s)trength, (i)ntelligence, or (d)exterity?
You feel clever.
You hit the bat.
You kill the bat!
You see here a bat corpse.
A frilled lizard and a hobgoblin come into view.
You see here an adder corpse.
Found a stone staircase leading down.
You see here an adder corpse.
You see here a bat corpse.
A frilled lizard comes into view.
The frilled lizard hisses angrily.
Casting: Poisonous Vapours (safe; 6% risk of failure)
Confirm with . or Enter, or press ? or * to list all spells.
Aiming: Sting (safe; 2% risk of failure)
Press: ? - help, Shift-Dir - straight line, f - frilled lizard
Aim: a frilled lizard (43% to evade)
The sting hits the frilled lizard.
The frilled lizard is poisoned.
You kill the frilled lizard!
Casting: Sting (safe; 2% risk of failure)
Confirm with . or Enter, or press ? or * to list all spells.
Aiming: Sting (safe; 2% risk of failure)
Press: ? - help, Shift-Dir - straight line, f - hobgoblin
Aim: a hobgoblin, wielding a +0 club (26% to evade)
The sting hits the hobgoblin.
The hobgoblin is poisoned.
The hobgoblin is almost dead.
A frilled lizard comes into view.
The hobgoblin looks more healthy.
Found a stone staircase leading down.
Casting: Sting (safe; 2% risk of failure)
Confirm with . or Enter, or press ? or * to list all spells.
Aiming: Sting (safe; 2% risk of failure)
Press: ? - help, Shift-Dir - straight line, f/p - hobgoblin
Aim: a hobgoblin, wielding a +0 club (severely wounded, 26% to evade)
The sting misses the hobgoblin.
The frilled lizard hisses angrily.
You hear a shout!
The hobgoblin closely misses you. The hobgoblin barely misses you.
A kobold comes into view.
Unknown command.
You hit the hobgoblin.
You kill the hobgoblin!
You closely miss the frilled lizard. The frilled lizard bites you.
You closely miss the frilled lizard. The frilled lizard bites you.
You hit the frilled lizard.
You kill the frilled lizard!
The kobold throws a stone.
The stone barely misses you.
Things that are here:
a +0 club; a frilled lizard corpse; a hobgoblin corpse
Casting: Sting (safe; 2% risk of failure)
Confirm with . or Enter, or press ? or * to list all spells.
Aiming: Sting (safe; 2% risk of failure)
Press: ? - help, Shift-Dir - straight line, f - kobold
Aim: a kobold (33% to evade)
The sting hits the kobold.
The kobold is poisoned.
You kill the kobold!
You see here a kobold corpse.
The frilled lizard hisses angrily.
You hit the frilled lizard.
You kill the frilled lizard!
You see here a frilled lizard corpse.
There is a stone staircase leading down here.
You climb downwards.
There is a stone staircase leading up here.
A worm comes into view.
Found 17 gold pieces.
Found 12 gold pieces.
Found 16 stones and an ichor-stained quarterstaff.
An ogre comes into view. It is wielding a +0 giant spiked club.
The ogre shouts!
Casting: Sting (safe; 2% risk of failure)
Confirm with . or Enter, or press ? or * to list all spells.
Aiming: Poisonous Vapours (safe; 6% risk of failure)
Press: ? - help, Dir - move target, f - ogre
Aim: an ogre, wielding a +0 giant spiked club Poisonous vapours surround the ogre!
Casting: Poisonous Vapours (safe; 6% risk of failure)
Confirm with . or Enter, or press ? or * to list all spells.
Aiming: Poisonous Vapours (safe; 6% risk of failure)
Press: ? - help, Dir - move target, f/p - ogre
Aim: an ogre, wielding a +0 giant spiked club You miscast Poisonous Vapours.
You are very lightly contaminated with residual magic.
Nothing appears to happen.
The ogre hits you with a +0 giant spiked club!!
Ouch! That really hurt!
You die...

... #..#......#...
#####..#.#.#.#)..##.
#......#.#....(....=
..........#...#......
...#..#.............
............$.##..##
####...............#
#.###.#.#O....#
..........$@...#
###.###.#...#.......
.............##
#.#.#...........
.....#.#.########
###.# #.#.. #. #.....
# ######


You could see an ogre.

Vanquished Creatures
  2 adders
  A dart slug (D:2)
  A leopard gecko (D:2)
  A goblin (D:2)
  2 hobgoblins
  A quokka (D:3)
  A bat (D:3)
  3 frilled lizards (D:3)
  2 kobolds
  3 rats (D:2)
17 creatures vanquished.

Notes
Turn   | Place    | Note
-------+----------+-------------------------------------------
     0 | D:1      | EnegeticOcto the Gnoll Venom Mage began the quest for the
                  | Orb.
     0 | D:1      | Reached XP level 1. HP: 13/13 MP: 6/6
    80 | D:2      | Reached skill level 2 in Transmutations
    86 | D:2      | Reached XP level 2. HP: 19/19 MP: 1/7
    90 | D:2      | Learned a level 2 spell: Poisonous Vapours
   195 | D:3      | Reached skill level 5 in Spellcasting
   195 | D:3      | Reached XP level 3. HP: 10/25 MP: 0/9
   283 | D:4      | Noticed an ogre
   292 | D:4      | Mangled by an ogre

Illustrated notes

Levels and vault maps discovered:
D:1:      dpeg_arrival_rooms_b, layout_basic
D:2:      layout_rooms
D:3:      layout_basic, chequers_avenue, lemuel_statue_altar
D:4:      layout_basic, minmay_temple_entry_waves

Skill      XL: |  1  2 |
---------------+-------+-----
Transmutations | 2 |  2.1
Spellcasting   | 5 |  5.0
Fighting       | |  0.7
Short Blades   | |  0.7
Long Blades    | |  0.7
Axes           | |  0.7
Maces & Flails | |  0.7
Polearms       | |  0.7
Staves         | |  0.7
Slings         | |  0.7
Bows           | |  0.7
Crossbows      | |  0.7
Throwing       | |  0.7
Armour         | |  0.7
Dodging        | |  4.5
Stealth        | |  4.1
Shields        | |  0.7
Unarmed Combat | |  0.7
Conjurations   | |  0.5
Hexes          | |  0.5
Summonings     | |  0.5
Necromancy     | |  0.5
Translocations | |  0.5
Fire Magic     | |  0.5
Ice Magic      | |  0.5
Air Magic      | |  0.5
Earth Magic    | |  0.5
Poison Magic   | |  5.4
Invocations    | |  0.9
Evocations     | |  0.7

Action                   || total
-------------------------++-------
Melee: Unarmed           ||     6
 Cast: Sting             ||    18
       Poisonous Vapours ||     3
  Use: Scroll            ||     1
Armor: Robe              ||     1
Dodge: Dodged            ||    20
